 Dungeon Crawl Stone Soup version 0.26-a0-1181-gd376ed14c5 (webtiles) character file.

Game seed: 2181500060770819132

1560 loralnil the Insei (level 8, -2/61 HPs)
             Began as a Gnoll Transmuter on Dec 25, 2020.
             Slain by an orc warrior
             ... wielding a +0 halberd of freezing
              (3 damage)
             ... on level 5 of the Dungeon.
             The game lasted 00:08:06 (4692 turns).

loralnil the Insei (Gnoll Transmuter)               Turns: 4692, Time: 00:08:07

Health: -2/61      AC:  6    Str: 14    XL:     8   Next: 89%
Magic:  17/17      EV: 25    Int: 17    God:
Gold:   289        SH:  5    Dex: 20    Spells: 9/19 levels left

rFire    + . .     SeeInvis .     - Unarmed
rCold    x . .     Faith    .   (shield currently unavailable)
rNeg     . . .     Spirit   .   (armour currently unavailable)
rPois    x         Reflect  +   (helmet currently unavailable)
rElec    .         Harm     .   (cloak currently unavailable)
rCorr    .         Rampage  .   (gloves currently unavailable)
Will     .....                  (boots currently unavailable)
Stlth    +++.......             k - amulet of reflection
HPRegen  0.20/turn              l - +4 ring of protection
MPRegen  0.15/turn              A - ring of fire

@: spider-form (expiring)
A: tiny, distributed training, strong nose
a: End Transformation


You were on level 5 of the Dungeon.
You were a venomous arachnid creature.
You visited 1 branch of the dungeon, and saw 5 of its levels.
You also visited: Ossuary.

You collected 289 gold pieces.

Inventory:

Hand Weapons
 u - a +4 morningstar
Armour
 a - a +0 robe (melded)
 n - a +0 pair of gloves (melded)
 r - a +1 hat (melded)
Jewellery
 k - an amulet of reflection (around neck)
 l - a +4 ring of protection (left front leg)
 A - a ring of fire (right front leg)
Wands
 w - a wand of paralysis (6)
 y - a wand of acid (7)
Scrolls
 e - 3 scrolls of blinking
 f - a scroll of noise {unknown}
 h - 3 scrolls of remove curse {unknown}
 i - a scroll of fog {unknown}
 j - 2 scrolls of random uselessness {unknown}
 m - a scroll of amnesia {unknown}
 s - 5 scrolls of teleportation {unknown}
 z - a scroll of magic mapping
Potions
 b - 4 potions of flight {unknown}
 c - 2 potions of might {unknown}
 d - 3 potions of curing
 g - 4 potions of mutation {unknown}
 o - a potion of heal wounds {unknown}
 p - a potion of degeneration {unknown}
 q - 3 potions of resistance {unknown}
 t - a potion of attraction {unknown}
 v - a potion of ambrosia {unknown}
 x - a potion of brilliance {unknown}


   Skills:
 + Level 4.5 Fighting
 + Level 3.6 Short Blades
 + Level 3.6 Long Blades
 + Level 3.6 Axes
 + Level 3.6 Maces & Flails
 + Level 3.6 Polearms
 + Level 3.6 Staves
 + Level 3.6 Slings
 + Level 3.6 Bows
 + Level 3.6 Crossbows
 + Level 3.6 Throwing
 + Level 3.6 Armour
 + Level 5.9 Dodging
 + Level 3.6 Stealth
 + Level 3.6 Shields
 + Level 7.5 Unarmed Combat
 + Level 6.2 Spellcasting
 + Level 3.0 Conjurations
 + Level 3.0 Hexes
 + Level 3.0 Summonings
 + Level 3.0 Necromancy
 + Level 3.0 Translocations
 + Level 4.9 Transmutations
 + Level 3.0 Fire Magic
 + Level 3.0 Ice Magic
 + Level 3.0 Air Magic
 + Level 3.0 Earth Magic
 + Level 3.0 Poison Magic
 + Level 4.0 Invocations
 + Level 3.6 Evocations


You had 9 spell levels left.
You knew the following spells:

 Your Spells              Type           Power        Failure   Level
a - Beastly Appendage     Tmut           44%          7%          1
b - Wereblood             Tmut           22%          10%         2
c - Spider Form           Tmut/Pois      9%           21%         3
d - Ice Form              Ice/Tmut       18%          45%         4

Your spell library contained the following spells:

 Spells                   Type           Power        Failure   Level
 Blade Hands              Tmut           11%          63%         5


Dungeon Overview and Level Annotations

Branches:
Dungeon (5/15)            Ossuary (visited)
 Temple: D:4-7

Altars:
Dithmenos
Hepliaklqana
Yredelemnul


Innate Abilities, Weirdness & Mutations

Your experience applies equally to all skills.
((You have very sharp teeth.))
Your uncanny sense of smell can sniff out nearby items.


Message History

The orc wizard casts a spell.
The orc wizard blinks!
You barely miss the orc warrior.
The orc warrior is moderately wounded.
The orc warrior closely misses you. The orc wizard completely misses you.
You hit the orc warrior but do no damage.
The orc warrior is heavily wounded.
Your transformation is almost over.
The orc wizard hits you but does no damage.
The orc warrior hits you with a +0 halberd of freezing!
* * * LOW HITPOINT WARNING * * *
The orc warrior freezes you!
* * * LOW HITPOINT WARNING * * *
You feel better.
The orc wizard gestures wildly while chanting.
The orc wizard blinks!
The orc warrior hits you with a +0 halberd of freezing!
* * * LOW HITPOINT WARNING * * *
The orc warrior freezes you.
You die...

#...## #....# # #...##
.## #....##...
#....#.... #........
#######........
########........<.....
#.ooos§..o............
#...###.....##........
##....########........
#..#oo#.# #........
#..##..###..#........
#..##.oo$............
#..###.o....#........
#..# #.(#.8.#.......
#..# .##. .##


You could see an orc warrior (very poisoned), an orc wizard (fast) and 2 orcs.

Vanquished Creatures
  Grinder (D:4)
  2 wraiths (Ossuary)
  Sigmund (D:3)
  Menkaure (D:4)
  2 ogres (D:4)
  A scorpion (D:4)
  4 wights (Ossuary)
  A howler monkey (D:4)
  2 orc priests
  A hound (D:4)
  A worker ant (D:4)
  Natasha (D:3)
  A hound skeleton (D:4)
  Robin (D:4)
  9 gnolls
  2 adders (D:2)
  3 worms
  3 dart slugs
  2 leopard geckos
  8 orcs
  9 bats
  6 giant cockroaches
  17 goblins
  11 hobgoblins
  4 jackals (D:3)
  7 kobolds
  3 quokkas
  A ball python (D:4)
  6 frilled lizards
  2 gnoll zombies (D:2)
  A hobgoblin skeleton (Ossuary)
  2 hobgoblin zombies (Ossuary)
  3 kobold zombies (Ossuary)
  2 orc zombies (Ossuary)
  7 rats
128 creatures vanquished.

Notes
Turn   | Place    | Note
-------+----------+-------------------------------------------
     0 | D:1      | loralnil the Gnoll Transmuter began the quest for the Orb.
     0 | D:1      | Reached XP level 1. HP: 17/17 MP: 6/6
   198 | D:1      | Reached XP level 2. HP: 7/23 MP: 7/7
   201 | D:1      | Learned a level 2 spell: Wereblood
   888 | D:1      | Reached XP level 3. HP: 28/28 MP: 7/9
   892 | D:1      | Reached skill level 5 in Spellcasting
   980 | D:2      | Reached skill level 1 in Invocations
  1217 | D:1      | Learned a level 3 spell: Spider Form
  1253 | D:2      | Reached skill level 1 in Short Blades
  1253 | D:2      | Reached skill level 1 in Long Blades
  1253 | D:2      | Reached skill level 1 in Axes
  1253 | D:2      | Reached skill level 1 in Maces & Flails
  1253 | D:2      | Reached skill level 1 in Polearms
  1253 | D:2      | Reached skill level 1 in Staves
  1253 | D:2      | Reached skill level 1 in Slings
  1253 | D:2      | Reached skill level 1 in Bows
  1253 | D:2      | Reached skill level 1 in Crossbows
  1253 | D:2      | Reached skill level 1 in Throwing
  1253 | D:2      | Reached skill level 1 in Armour
  1253 | D:2      | Reached skill level 1 in Stealth
  1253 | D:2      | Reached skill level 1 in Shields
  1253 | D:2      | Reached skill level 1 in Evocations
  1499 | D:2      | Reached XP level 4. HP: 34/34 MP: 9/11
  1534 | D:2      | Found a hazy altar of Hepliaklqana.
  1687 | D:2      | Reached skill level 1 in Conjurations
  1687 | D:2      | Reached skill level 1 in Hexes
  1687 | D:2      | Reached skill level 1 in Summonings
  1687 | D:2      | Reached skill level 1 in Necromancy
  1687 | D:2      | Reached skill level 1 in Translocations
  1687 | D:2      | Reached skill level 1 in Fire Magic
  1687 | D:2      | Reached skill level 1 in Ice Magic
  1687 | D:2      | Reached skill level 1 in Air Magic
  1687 | D:2      | Reached skill level 1 in Earth Magic
  1687 | D:2      | Reached skill level 1 in Poison Magic
  1814 | D:2      | Found a basalt altar of Yredelemnul.
  2042 | D:3      | Noticed Sigmund
  2050 | D:3      | Killed Sigmund
  2051 | D:3      | Reached XP level 5. HP: 16/41 MP: 8/12
  2051 | D:3      | Reached XP level 6. HP: 18/47 MP: 8/13
  2439 | D:3      | Reached skill level 5 in Dodging
  2543 | D:3      | Found a shadowy altar of Dithmenos.
  2866 | D:3      | Noticed a water moccasin
  2961 | D:4      | Noticed Menkaure
  2964 | D:4      | Noticed Natasha
  2965 | D:4      | Noticed Grinder
  2971 | D:4      | Killed Menkaure
  2972 | D:4      | Reached XP level 7. HP: 40/52 MP: 15/15
  2979 | D:3      | Killed Natasha
  3101 | D:4      | Paralysed by Grinder for 5 turns
  3107 | D:4      | Killed Grinder
  3108 | D:4      | Reached skill level 7 in Unarmed Combat
  3283 | D:4      | Found a sand-covered staircase.
  3289 | Ossuary  | Entered an ossuary
  3331 | Ossuary  | Reached XP level 8. HP: 45/60 MP: 16/16
  3504 | Ossuary  | Noticed a wraith
  3504 | Ossuary  | Noticed a flying skull
  3510 | Ossuary  | Noticed a flying skull
  3513 | Ossuary  | Noticed a flying skull
  3560 | Ossuary  | Noticed a flying skull
  3568 | Ossuary  | Noticed a wraith
  3580 | Ossuary  | Killed a wraith
  3735 | Ossuary  | Noticed a wraith
  3742 | Ossuary  | Killed a wraith
  3794 | Ossuary  | Noticed a flying skull
  4237 | D:4      | Learned a level 4 spell: Ice Form
  4329 | D:4      | Noticed Robin
  4372 | D:4      | Killed Robin
  4642 | D:5      | Entered Level 5 of the Dungeon
  4691 | D:5      | HP: 3/61 [orc warrior/+0 halberd of freezing (9)]
  4692 | D:5      | HP: 1/61 [orc warrior/+0 halberd of freezing (8)]
  4692 | D:5      | Slain by an orc warrior

Illustrated notes

Levels and vault maps discovered:
D:1:      dpeg_arrival_chambers_temple_mockup, layout_rooms
D:2:      layout_rooms, lemuel_zombie_altar_yredelemnul, marbit_many_paths
D:3:      layout_loops_cross, old_standard_altar, lightli_corner_chamber,
          uniq_sigmund
D:4:      layout_rooms, nicolae_ossuary_entry_plus, uniq_grinder, uniq_menkaure,
          uniq_natasha, uniq_robin
D:5:      layout_cave_pods, grunt_temple_overflow_magic_moments,
          kennysheep_mini_moat, minmay_temple_entry_glassed_door,
          serial_bayou_lagoon_a, guppyfry_early_orc_mine

Skill      XL: |  1  2  3  4  5  6  7  8 |
---------------+-------------------------+-----
Spellcasting   | 5 6 |  6.2
Invocations    | 1 2 3 4 |  4.0
Short Blades   | 1 2 3 |  3.6
Long Blades    | 1 2 3 |  3.6
Axes           | 1 2 3 |  3.6
Maces & Flails | 1 2 3 |  3.6
Polearms       | 1 2 3 |  3.6
Staves         | 1 2 3 |  3.6
Slings         | 1 2 3 |  3.6
Bows           | 1 2 3 |  3.6
Crossbows      | 1 2 3 |  3.6
Throwing       | 1 2 3 |  3.6
Armour         | 1 2 3 |  3.6
Stealth        | 1 2 3 |  3.6
Shields        | 1 2 3 |  3.6
Evocations     | 1 2 3 |  3.6
Conjurations   | 1 2 3 |  3.0
Hexes          | 1 2 3 |  3.0
Summonings     | 1 2 3 |  3.0
Necromancy     | 1 2 3 |  3.0
Translocations | 1 2 3 |  3.0
Fire Magic     | 1 2 3 |  3.0
Ice Magic      | 1 2 3 |  3.0
Air Magic      | 1 2 3 |  3.0
Earth Magic    | 1 2 3 |  3.0
Poison Magic   | 1 2 3 |  3.0
Fighting       | 3 4 |  4.5
Transmutations | 4 |  4.9
Dodging        | 5 |  5.9
Unarmed Combat | 7 |  7.5

Action                   |  1- 3 |  4- 6 |  7- 9 || total
-------------------------+-------+-------+-------++-------
Melee: Unarmed           |   111 |    79 |   177 ||   367
       Kick              |    20 |    18 |    22 ||    60
       Headbutt          |     9 |    12 |    18 ||    39
       Bite              |    10 |     1 |    10 ||    21
       Punch             |     1 |     1 |     3 ||     5
 Cast: Beastly Appendage |    23 |    17 |    15 ||    55
       Spider Form       |       |     3 |     8 ||    11
  Use: Scroll            |     3 |       |       ||     3
       Potion            |       |       |     3 ||     3
 Stab: Sleeping          |     1 |     3 |     5 ||     9
Armor: Robe              |    19 |     9 |    18 ||    46
       Skin              |       |     1 |     8 ||     9
Dodge: Dodged            |    90 |    62 |   117 ||   269
Block: Other             |       |    12 |    33 ||    45
       Reflection        |       |     1 |     1 ||     2

Table legend: (Time is in decaauts)
 A = Elapsed time spent in this place.
 B = Non-inter-level travel time spent in this place.
 C = Inter-level travel time spent in this place.
 D = Time resting spent in this place.
 E = Time spent auto-exploring this place.
 F = Levels seen in this place.
 G = Mean time per level.
                   A        B        C        D        E       F      G
               +--------+--------+--------+--------+--------+-----+--------+
         Total |   4650 |   4587 |     63 |    109 |   3570 |   6 |  775.0 |
       Dungeon |   3961 |   3898 |     63 |    109 |   3048 |   5 |  792.2 |
       Ossuary |    689 |    689 |      0 |      0 |    522 |   1 |  689.0 |
               +--------+--------+--------+--------+--------+-----+--------+

Top non-repeatable levels by time:
     D:1: 1153 daAuts
     D:3: 1115 daAuts
     D:4: 859 daAuts
     D:2: 786 daAuts
 Ossuary: 689 daAuts
     D:5: 47 daAuts
